 Dungeon Crawl Stone Soup version 0.29-a0-813-g4a14ea37d6 (webtiles) character file.

Game seed: 413610820445055370

250 nicolae the Insei (level 5, -3/37 HPs)
             Began as a Demonspawn Transmuter on July 5, 2022.
             Slain by a black bear (4 damage)
             ... on level 4 of the Dungeon.
             The game lasted 00:08:56 (3557 turns).

nicolae the Insei (Demonspawn Transmuter)           Turns: 3557, Time: 00:08:57

Health: -3/37      AC:  3    Str: 16    XL:     5   Next: 88%
Magic:  10/10      EV: 12    Int: 16    God:
Gold:   200        SH:  5    Dex: 14    Spells: 4/10 levels left

rFire   . . .      SeeInvis .     - Unarmed
rCold   . . .      Faith    .   (no shield)
rNeg    . . .      Spirit   .   a - +0 robe
rPois   .          Reflect  +   (helmet currently unavailable)
rElec   .          Harm     .   (no cloak)
rCorr   .          Rampage  .   o - +0 pair of gloves
Will    +....                   (boots currently unavailable)
Stlth   +.........              p - amulet of reflection
HPRegen 0.12/turn               b - ring of willpower
MPRegen 0.24/turn               h - +6 ring of strength

@: appendages (expiring), on berserk cooldown, slowed, very slow
A: horns 2, talons 2, claws 1, hooves 1, demonic guardian 1, magic regeneration
a: End Transformation


You were on level 4 of the Dungeon.
You had temporarily grown beastly horns and talons.
You visited 1 branch of the dungeon, and saw 4 of its levels.

You collected 200 gold pieces.

Inventory:

Missiles
 f - 8 poisoned darts
 g - 4 silver javelins
 j - 4 boomerangs
 m - 6 javelins
Armour
 a - a +0 robe (worn)
 o - a +0 pair of gloves (worn)
Jewellery
 b - a ring of willpower (left hand)
 h - a +6 ring of strength (right hand)
 p - an amulet of reflection (around neck)
Scrolls
 c - a scroll of immolation
 t - a scroll of identify
 u - a scroll of poison {unknown}
Potions
 d - 4 potions of brilliance
 e - a potion of flight
 i - a potion of might {unknown}
 n - a potion of mutation
 s - a potion of ambrosia {unknown}


   Skills:
 - Level 1.0 Fighting
 - Level 1.7 Dodging
 + Level 3.9 Unarmed Combat
 + Level 3.4 Spellcasting
 + Level 3.2 Transmutations
 + Level 2.1 Poison Magic


You had 4 spell levels left.
You knew the following spells:

 Your Spells              Type           Power      Damage    Failure   Level
a - Beastly Appendage     Tmut           26%        N/A       4%          1
b - Wereblood             Tmut           13%        N/A       7%          2
c - Spider Form           Tmut/Pois      11%        N/A       17%         3

Your spell library contained the following spells:

 Spells                   Type           Power      Damage    Failure   Level
 Necrotise                Necr           8%         1d4       19%         1
 Vampiric Draining        Necr           2%         2d6       47%         3
 Ice Form                 Ice/Tmut       7%         N/A       67%         4
 Agony                    Necr           2%         N/A       99%         5


Dungeon Overview and Level Annotations

Branches:
Dungeon (4/15)
 Temple: D:4-7

Altars:
Dithmenos

Shops:
D:3 [


Innate Abilities, Weirdness & Mutations

You have temporarily grown beastly horns and talons.
You have sharp fingernails.
You have large cloven feet.
A weak demonic guardian rushes to your aid.
You regenerate magic rapidly.


Message History

You are too injured to fight recklessly!
You are too injured to fight recklessly!
You are too injured to fight recklessly!
You feel a strong urge to attack something.
You feel your anger nearly subside.
You are no longer berserk.
You are exhausted.
You feel yourself slow down.
A black bear comes into view.
Your iron imp hits something!
A ball python comes into view.
You block the ufetubus's attack.
The ufetubus hits you but does no damage.
As you read the scroll labelled PINAACV OGIRR, it crumbles to dust.
It is a scroll of amnesia.
Really abort (and waste the scroll)? [Y]es or [N]o only, please.
Really abort (and waste the scroll)? [Y]es or [N]o only, please.
Really abort (and waste the scroll)?
Okay, then.
Your transformation is almost over.
The ufetubus hits you.
* * * LOW HITPOINT WARNING * * *
The ufetubus misses you. Something hits your iron imp.
You block the ufetubus's attack. The ufetubus barely misses you.
Something hits your iron imp but does no damage.
As you read the scroll labelled SUOSE BICOTUTE, it crumbles to dust.
You feel a surge of unholy energy.
The black bear convulses! x2
The orc convulses!
Something is bathed in an unholy light!
The ball python convulses!
The ball python hisses angrily.
It was a scroll of torment.
The ufetubus hits you but does no damage.
The ufetubus hits you.
* * * LOW HITPOINT WARNING * * *
The black bear barely misses you.
The black bear claws you but does no damage.
The black bear claws you.
You die...

.......#....
S.....#... ..
........ ....
......###....
..........##..
..h...#.....#
#.##........#.
#@#...........
#h5...........
#.o...........
#..5......[...
##.............
#......<.......
......?.)).......
.....##..........
......#...........


You could see 2 black bears, an orc, an ufetubus (ally target), a ball python
and a friendly iron imp (summoned).

Vanquished Creatures
  An ogre (D:4)
  Terence (D:2)
  An orc wizard (D:3)
  4 adders
  A worm (D:2)
  3 dart slugs
  5 orcs (D:3)
  8 endoplasms
  2 giant cockroaches
  9 goblins
  3 hobgoblins
  4 jackals (D:2)
  3 ball pythons
  4 bats
  2 frilled lizards (D:2)
  10 kobolds
  5 rats
66 creatures vanquished.

Vanquished Creatures (collateral kills)
  An orc (D:4)
  A goblin (D:3)
2 creatures vanquished.

Grand Total: 68 creatures vanquished

Notes
Turn   | Place    | Note
-------+----------+-------------------------------------------
     0 | D:1      | nicolae the Demonspawn Transmuter began the quest for the
                  | Orb.
     0 | D:1      | Reached XP level 1. HP: 15/15 MP: 3/3
   379 | D:1      | Gained mutation: You regenerate magic rapidly. [demonic
                  | ancestry]
   379 | D:1      | Reached XP level 2. HP: 16/21 MP: 3/5
   548 | D:1      | Found a faded altar of an unknown god.
  1321 | D:2      | Discovered your monstrous ancestry.
  1321 | D:2      | Lost mutation: You have razor-sharp toenails. [demonic
                  | ancestry]
  1321 | D:2      | Lost mutation: You have sharp toenails. [demonic ancestry]
  1321 | D:2      | Gained mutation: You have large cloven feet. [demonic
                  | ancestry]
  1321 | D:2      | Reached XP level 3. HP: 15/26 MP: 6/6
  1549 | D:2      | Learned a level 2 spell: Wereblood
  1553 | D:2      | Learned a level 3 spell: Spider Form
  1632 | D:2      | Found a shadowy altar of Dithmenos.
  2090 | D:2      | Noticed Terence
  2105 | D:2      | Killed Terence
  2106 | D:2      | Reached skill level 1 in Poison Magic
  2106 | D:2      | Gained mutation: A weak demonic guardian rushes to your
                  | aid. [demonic ancestry]
  2106 | D:2      | Reached XP level 4. HP: 27/32 MP: 8/8
  2582 | D:3      | Found Osmeack's Armour Emporium.
  2807 | D:3      | Gained mutation: You have sharp fingernails. [demonic
                  | ancestry]
  2807 | D:3      | Reached XP level 5. HP: 32/37 MP: 6/9
  3537 | D:4      | Noticed an ogre
  3541 | D:4      | Noticed a black bear
  3543 | D:4      | Noticed an ogre
  3548 | D:4      | Killed an ogre
  3555 | D:4      | Noticed a black bear
  3557 | D:4      | HP: 1/37 [ufetubus (3)]
  3557 | D:4      | Slain by a black bear

Illustrated notes

Levels and vault maps discovered:
D:1:      amcnicky_arrival_flooded_fountain, layout_loops_ring,
          hellmonk_ecumenical_altar_inner_sanctum
D:2:      layout_rooms, basic_altar, uniq_terence
D:3:      layout_basic, serial_shops, shop, minmay_close_crescents
D:4:      layout_cave_pools, minmay_bent

Skill      XL: |  1  2  3  4  5 |
---------------+----------------+-----
Transmutations | 2 3 |  3.2
Unarmed Combat | 3 |  3.9
Poison Magic   | 1 2 |  2.1
Spellcasting   | 3 |  3.4
Fighting       | |  1.0
Dodging        | |  1.7

Action                   |  1- 3 |  4- 6 || total
-------------------------+-------+-------++-------
Melee: Unarmed           |   116 |    72 ||   188
       Kick              |    26 |    21 ||    47
       Headbutt          |     8 |    11 ||    19
       Punch             |     2 |     3 ||     5
Throw: Dart              |       |     1 ||     1
       Boomerang         |       |     1 ||     1
 Cast: Beastly Appendage |    23 |    14 ||    37
       Wereblood         |     1 |     2 ||     3
  Use: Potion            |     5 |     1 ||     6
       Scroll            |     4 |     3 ||     7
Armor: Robe              |    22 |    20 ||    42
       Skin              |     7 |       ||     7
Dodge: Dodged            |    79 |    42 ||   121
Block: Other             |       |    22 ||    22
       Reflection        |       |     1 ||     1

Table legend: (Time is in decaauts)
 A = Elapsed time spent in this place.
 B = Non-inter-level travel time spent in this place.
 C = Inter-level travel time spent in this place.
 D = Time resting spent in this place.
 E = Time spent auto-exploring this place.
 F = Levels seen in this place.
 G = Mean time per level.
                   A        B        C        D        E       F      G
               +--------+--------+--------+--------+--------+-----+--------+
         Total |   3544 |   3447 |     97 |    977 |   1858 |   4 |  886.0 |
       Dungeon |   3544 |   3447 |     97 |    977 |   1858 |   4 |  886.0 |
               +--------+--------+--------+--------+--------+-----+--------+

Top non-repeatable levels by time:
     D:2: 1489 daAuts
     D:3: 1081 daAuts
     D:1: 954 daAuts
     D:4: 18 daAuts
